cohdb
Replays
Latest Replays
All Replays
Popular Replays
Top Player Replays
Match Explorer
How It Works
Community
CoH3 Stats
Reddit
Sign in to upload your games and track your stats! →
Sign in with Steam
Match 44666484
Unlisted
Match 44666484
Overview
Messages
Build Orders
End
Construct Section Command Post
Dingo Light Scout Car
Infantry Section
Infantry Section
Construct Platoon Command Post
Infantry Section
Selects Air and Sea Battlegroup
Selects Supply Surplus
Humber Armored Car
Construct Resource Cache
Construct Resource Cache
Construct Resource Cache
Unlock M3 Stuart Light Tanks
Selects Commando Section Paradrop
Selects M1 Pack Howitzer Paradrop
Construct Company Command Post
Infantry Section
Construct Resource Cache
Construct Resource Cache
Matilda II Heavy Tank
Commando Section Paradrop
Construct Resource Cache
Selects Incendiary Bombing Run
Incendiary Bombing Run
Matilda II Heavy Tank
Infantry Training
Incendiary Bombing Run
Armored Vehicle Training
Selects UNKNOWN (223837)
Incendiary Bombing Run
Unlock Bishop Self-propelled Artillery
Construct Resource Cache
M3 Stuart Light Tank
Selects Assault Flares
Assault Flares
Unlock M3 Grant Medium Tanks
M3 Grant Medium Tank
M3 Grant Medium Tank
M3 Grant Medium Tank
M3 Grant Medium Tank
M3 Grant Medium Tank
Incendiary Bombing Run
M3 Grant Medium Tank
Incendiary Bombing Run
M3 Grant Medium Tank
Serial Chiller
Ohmic
Lit Dude
圆蛤镇Peter
Pudia
花园宝宝爆你头
Marwar
honeydew
0
0
Comments
sign in to comment!
No comments posted yet!